 Dungeon Crawl Stone Soup version 0.20.0-6-gd3061e9 (webtiles) character file.

261 greprep the Shield-Bearer (level 5, -8/46 HPs)
             Began as a Minotaur Fighter on May 28, 2017.
             Killed by divine providence
             ... invoked by an orc priest
              (14 damage)
             ... on level 4 of the Dungeon.
             The game lasted 00:05:03 (3182 turns).

greprep the Shield-Bearer (Minotaur Fighter)        Turns: 3182, Time: 00:05:04

Health: -8/46      AC: 12    Str: 22    XL:     5   Next: 96%
Magic:  4/4        EV: 10    Int:  5    God:
Gold:   199        SH:  8    Dex:  9    Spells: 4/4 levels left

rFire    . . .     SeeInvis .   a - +0 long sword
rCold    + . .     Gourm    .   c - +0 shield
rNeg     . . .     Faith    .   y - +2 scale mail {rC+}
rPois    .         Spirit   .   (helmet restricted)
rElec    .         Reflect  .   (no cloak)
rCorr    .         Harm     .   e - +0 pair of gloves
MR       .....                  r - +0 pair of boots
Stlth    ..........             (no amulet)
Regen    0.2/turn               m - +3 ring of evasion
MPRegen  0.1/turn               s - +2 ring of protection

@: very heavily drained
A: retaliatory headbutt, horns 2
a: no special abilities


You were on level 4 of the Dungeon.
You were not hungry.

You visited 1 branch of the dungeon, and saw 4 of its levels.

You collected 199 gold pieces.

Inventory:

Hand Weapons
 a - a +0 long sword (weapon)
Armour
 c - a +0 shield (worn)
 e - a +0 pair of gloves (worn)
 r - a +0 pair of boots (worn)
 y - a +2 scale mail of cold resistance (worn)
 C - a +0 shield
Jewellery
 m - a +3 ring of evasion (left hand)
 s - a +2 ring of protection (right hand)
 t - an uncursed ring of flight
 x - a cursed -2 ring of strength {unknown}
Scrolls
 b - 2 scrolls of identify {unknown}
 i - a scroll of blinking {unknown}
 k - a scroll of immolation {unknown}
 n - a scroll of fog {unknown}
 o - 3 scrolls of enchant armour {unknown}
 q - 2 scrolls of recharging {unknown}
 u - a scroll of noise {unknown}
Potions
 d - a potion of might
 g - 3 potions of agility {unknown}
 h - a potion of magic {unknown}
 j - 2 potions of heal wounds {unknown}
 l - 2 potions of resistance {unknown}
 p - a potion of curing {unknown}
 v - a potion of lignification {unknown}
 z - a potion of degeneration {unknown}
 B - a potion of haste {unknown}
Comestibles
 f - 2 bread rations
 w - 4 meat rations
 A - a royal jelly


   Skills:
 + Level 4.1(0.1) Fighting
 + Level 4.1(0.1) Long Blades
 * Level 4.7(0.6) Armour
 * Level 2.1(0.0) Dodging
 * Level 5.6(1.4) Shields


You had 4 spell levels left.
You didn't know any spells.

Dungeon Overview and Level Annotations

Branches:
Dungeon (4/15)
 Temple: D:4-7

Altars:


Innate Abilities, Weirdness & Mutations

You reflexively headbutt those who attack you in melee.
You have a pair of horns on your head.


Message History

You hear some strange, mumbled words.
A magic dart appears from out of thin air!
The magic dart hits you!
* * * LOW HITPOINT WARNING * * *
You block the orc priest's attack. Something hits you but does no damage.
Something hits you but does no damage. The orc priest barely misses you.
You hear some strange, mumbled words.
A puff of flame appears from out of thin air!
The puff of flame hits you!
The orc priest hits you with a morningstar.
* * * LOW HITPOINT WARNING * * *
The orc priest invokes the aid of Beogh against you.
Reactivating autopickup.
You feel a bit more experienced.
Found a leather armour.
The orc priest looks satisfied for a moment.
The orc priest looks braver for a moment.
The orc priest invokes the aid of Beogh against you.
Beogh smites you!
You die...

# ### #####.. . ######..... ..
###.........#... ................
...##.......... ...
##............ # . ....#
#.....@..[.... # .###...#
#............. # ..#....#
#.............. . .......#
#...W............ #. <..?...
#...o............# #.. ......##
#.o..............###...
.......####................##.>..
.........##................#..[..
.........o##.....................


You could see a phantom, an orc priest and an orc.

Vanquished Creatures
  A hound (D:4)
  An orc priest (D:3)
  An orc wizard (D:4)
  A worker ant (D:4)
  5 adders
  An ooze (D:4)
  A worm (D:2)
  4 dart slugs
  A leopard gecko (D:2)
  13 orcs
  2 ball pythons
  3 bats
  4 giant cockroaches
  10 hobgoblins
  6 kobolds
  7 frilled lizards
  2 goblins
  7 rats
70 creatures vanquished.

Vanquished Creatures (others)
  An orc wizard (D:4)
1 creature vanquished.

Grand Total: 71 creatures vanquished

Notes
Turn   | Place    | Note
-------+----------+-------------------------------------------
     0 | D:1      | greprep the Minotaur Fighter began the quest for the Orb.
     0 | D:1      | Reached XP level 1. HP: 19/19 MP: 0/0
   241 | D:1      | Reached XP level 2. HP: 27/27 MP: 1/1
  1273 | D:2      | Reached XP level 3. HP: 33/33 MP: 2/2
  1393 | D:2      | Reached skill level 4 in Shields
  1538 | D:2      | Reached skill level 1 in Dodging
  1967 | D:3      | Reached XP level 4. HP: 40/40 MP: 3/3
  2719 | D:4      | Reached XP level 5. HP: 44/46 MP: 4/4
  2724 | D:4      | Reached skill level 5 in Shields
  3152 | D:4      | Noticed a phantom
  3182 | D:4      | Killed from afar by an orc priest

Skill      XL: |  1  2  3  4  5 |
---------------+----------------+-----
Armour         | 4 |  4.7
Shields        | 4 5 |  5.6
Dodging        | 1 2 |  2.1
Long Blades    | 3 4 |  4.1
Fighting       | 4 |  4.1

Action                   |  1- 3 |  4- 6 || total
-------------------------+-------+-------++-------
Melee: Long sword        |    64 |    94 ||   158
       Headbutt          |    13 |    15 ||    28
  Eat: Bread ration      |     1 |       ||     1
       Fruit             |       |     3 ||     3
Armor: Scale mail        |    17 |    75 ||    92
Dodge: Dodged            |    30 |    72 ||   102
Block: Shield            |    34 |    80 ||   114
       Rpst.: Long sword |     7 |    18 ||    25
